 Dungeon Crawl Stone Soup version 0.30-a0-989-g0d87f670db (webtiles) character file.

Game seed: 2330248534220459884

138 Zonian the Ruffian (level 5, -1/28 HPs)
             Began as a Vine Stalker Gladiator on Apr 2, 2023.
             Slain by a ball python (3 damage)
             ... on level 4 of the Dungeon.
             The game lasted 00:07:06 (1937 turns).

Zonian the Ruffian (Vine Stalker Gladiator)         Turns: 1937, Time: 00:07:07

Health: -1/28      AC:  8    Str: 15 (18) XL:     5   Next: 21%
Magic:  0/6        EV: 11    Int:  6 (8)  God:
Gold:   104        SH:  0    Dex: 13 (16) Spells: 4/4 levels left

rFire   . . .      SeeInvis .      - Unarmed
rCold   . . .      Faith    .    (no shield)
rNeg    + . .      Spirit   +    s - +1 ring mail
rPois   .          Reflect  .    b - +0 helmet
rElec   .          Rampage  .    q - +0 cloak
rCorr   .                        (no gloves)
Will    .....                    (no boots)
Stlth   +                        (no amulet)
HPRegen 1.04/turn                k - ring of positive energy
MPRegen 0.10/turn                (no ring)

@: attractive
A: fangs 2, regeneration 1, magic shield, antimagic bite, no potion heal 2
a: no special abilities


You were on level 4 of the Dungeon.
You visited 1 branch of the dungeon, and saw 4 of its levels.

You collected 104 gold pieces.

Inventory:

Missiles
 c - a throwing net (quivered)
 d - a javelin
 n - 4 poisoned darts
Armour
 a - a +0 leather armour
 b - a +0 helmet (worn)
 q - a +0 cloak (worn)
 s - a +1 ring mail (worn)
Jewellery
 k - a ring of positive energy (left hand)
Scrolls
 g - a scroll of torment
 i - a scroll of enchant weapon
 m - 2 scrolls of fog
Potions
 p - a potion of resistance


   Skills:
 + Level 2.8 Fighting
 + Level 2.9 Throwing
 - Level 3.0 Dodging
 + Level 3.9 Unarmed Combat


You had 4 spell levels left.
You didn't know any spells.
Your spell library contained the following spells:

 Spells                   Type           Power      Damage    Failure   Level
 Necrotise                Necr           0%         1d4       69%         1
 Vampiric Draining        Necr           0%         2d6       96%         3
 Agony                    Necr           0%         N/A       100%        5


Dungeon Overview and Level Annotations

Branches:
Dungeon (4/15)
 Temple: D:4-7

Altars:

Shops:
D:2 :

Annotations:
D:3 Sigmund
D:4 Blork the orc, Pikel


Innate Abilities, Weirdness & Mutations

You have extremely sharp teeth.
Your natural rate of healing is unusually fast.
When hurt, damage is shared between your health and your magic reserves.
Your bite disrupts and absorbs the magic of your enemies.
Potions cannot restore your health.


Message History

Blork the orc is lightly wounded.
Blork the orc looks angry.
Blork the orc closely misses you.
The ball python bites you but does no damage.
The ball python grabs you. The ball python constricts you.
The lemure is attracted toward you.
Throw: 2 throwing nets
Press: ? - help, Shift-Dir - straight line, f - Blork the orc
Aim: Blork the orc, wielding a +0 dire flail and wearing a +0 robe (lightly wounded, magic disrupted, 63% to hit)
You throw a throwing net. The throwing net hits Blork the orc.
Blork the orc is caught in the net!
Blork the orc is lightly wounded.
Blork the orc struggles against the net.
The ball python bites you but does no damage.
The ball python constricts you.
You escape the ball python's grasp.
Blork the orc struggles against the net.
Blork the orc is attracted toward you. The gnoll is attracted toward you.
The ogre is attracted toward you.
You hit Blork the orc.
Blork the orc is lightly wounded.
Blork the orc hits you with a +0 dire flail!
* * * LOW HITPOINT WARNING * * *
The gnoll barely misses you. The ball python completely misses you.
The ball python barely misses you. The ogre is attracted toward you.
The gnoll is attracted toward you.
Okay, then.
Okay, then.
Really read the scroll of torment?
As you read the scroll of torment, it crumbles to dust.
Your body is wracked with pain!
* * * LOW HITPOINT WARNING * * *
Blork the orc convulses!
The ogre convulses!
The gnoll convulses! x2
The lemure completely misses you.
Blork the orc suddenly cheers.
Blork the orc falters for a moment.
The gnoll hits you from afar with a +3 halberd!
* * * LOW HITPOINT WARNING * * *
The ball python bites you.
You die...

#..##.. .## #..#...#
...###......# #
....#......# .#.#
#.........#####.....
#..........O@.......
##.....###..oS5..##..
###......g##gg....##
#.......Og.#§......#
#.......###§..........
#...##.## ##..####....
##.##..# #.## .....
#......####..# ..>..
#.#..........#### ..


You could see Blork the orc (magic disrupted), an ogre, a lemure, 2 gnolls and a
ball python.

Vanquished Creatures
  Natasha (twice) (D:2)
  A gnoll (D:4)
  An adder (D:3)
  A worm (D:2)
  3 dart slugs
  An orc (D:2)
  8 bats
  5 endoplasms
  6 giant cockroaches
  4 goblins
  2 hobgoblins
  5 jackals (D:1)
  3 quokkas (D:2)
  4 ball pythons
  3 frilled lizards
  5 kobolds
  2 rats
56 creatures vanquished.

Notes
Turn   | Place    | Note
-------+----------+-------------------------------------------
     0 | D:1      | Zonian the Vine Stalker Gladiator began the quest for the
                  | Orb.
     0 | D:1      | Reached XP level 1. HP: 11/11 MP: 2/2
   176 | D:1      | Reached XP level 2. HP: 14/15 MP: 3/3
   341 | D:1      | Reached XP level 3. HP: 18/18 MP: 4/4
   661 | D:2      | Found Ajywop's Book Emporium.
   872 | D:2      | Noticed Natasha
   973 | D:2      | Killed Natasha
   974 | D:2      | Gained mutation: Your natural rate of healing is unusually
                  | fast. [Vine Stalker growth]
   974 | D:2      | Reached XP level 4. HP: 13/23 MP: 3/5
  1318 | D:2      | Noticed Natasha
  1327 | D:2      | Killed Natasha
  1586 | D:3      | Reached XP level 5. HP: 27/27 MP: 6/6
  1840 | D:3      | Noticed Sigmund
  1889 | D:4      | Noticed an ogre
  1901 | D:4      | Noticed a lemure
  1901 | D:4      | Noticed a lemure
  1904 | D:4      | Noticed Pikel
  1908 | D:4      | Noticed Blork the orc
  1937 | D:4      | Slain by a ball python

Illustrated notes

Levels and vault maps discovered:
D:1:      dpeg_arrival_radiant, layout_rooms
D:2:      layout_basic, serial_shops, shop, minmay_vboxes, uniq_natasha
D:3:      layout_basic, mainiacjoe_overflow_surrounded_room, uniq_ijyb,
          uniq_sigmund
D:4:      layout_layer_cave, nicolae_gozag_cash_rules_everything_around_me,
          kennysheep_generic_room_16, uniq_pikel, uniq_blork_the_orc

Skill      XL: |  1  2  3  4 |
---------------+-------------+-----
Fighting       | 2 |  2.8
Throwing       | 2 |  2.9
Dodging        | 3 |  3.0
Unarmed Combat | |  3.9

Action                     |  1- 3 |  4- 6 || total
---------------------------+-------+-------++-------
  Melee: Unarmed           |   145 |    50 ||   195
         Bite              |    30 |    14 ||    44
         Punch             |     3 |       ||     3
  Throw: Throwing net      |     5 |     1 ||     6
    Use: Scroll            |     3 |     8 ||    11
         Potion            |       |     5 ||     5
   Stab: Sleeping          |     1 |     1 ||     2
 Armour: Leather armour    |    52 |    11 ||    63
         Ring mail         |       |     8 ||     8
  Dodge: Dodged            |    89 |    42 ||   131

Table legend: (Time is in decaauts)
 A = Elapsed time spent in this place.
 B = Non-inter-level travel time spent in this place.
 C = Inter-level travel time spent in this place.
 D = Time resting spent in this place.
 E = Time spent auto-exploring this place.
 F = Levels seen in this place.
 G = Mean time per level.
                   A        B        C        D        E       F      G
               +--------+--------+--------+--------+--------+-----+--------+
         Total |   1917 |   1878 |     39 |    300 |    905 |   4 |  479.2 |
       Dungeon |   1917 |   1878 |     39 |    300 |    905 |   4 |  479.2 |
               +--------+--------+--------+--------+--------+-----+--------+

Top non-repeatable levels by time:
     D:2: 915 daAuts
     D:1: 655 daAuts
     D:3: 312 daAuts
     D:4: 34 daAuts
